 Dungeon Crawl Stone Soup version 0.31-a0-835-g2a3a5bc3be (webtiles) character file.

Game seed: 3961051363351658232

2506 Nedwor the Ruffian (level 9, -4/88 HPs)
             Began as a Troll Shapeshifter on Sept 22, 2023.
             Was a Believer of Uskayaw.
             Slain by Erica
             ... wielding a +2 scimitar of flaming
              (9 damage)
             ... on level 8 of the Dungeon on Sept 26, 2023.
             The game lasted 00:11:01 (5520 turns).

Nedwor the Ruffian (Troll Shapeshifter)             Turns: 5520, Time: 00:11:02

Health: -4/88      AC:  5    Str: 28    XL:     9   Next: 28%
Magic:  9/9        EV:  9    Int:  6    God:    Uskayaw [**....]
Gold:   321        SH: 14    Dex:  9    Spells: 8/8 levels left

rFire   . .          .
                       - Unarmed
rCold   . . .        x - +2 kite shield
rNeg    . . .        a - +1 animal skin
rPois   .            (helmet currently unavailable)
rElec   .            (cloak currently unavailable)
rCorr   .            (gloves unavailable)
SInv    .            (boots unavailable)
Will    .....        f - amulet of reflection
Stlth   +            (no ring)
HPRegen 1.14/turn    (no ring)
MPRegen 0.11/turn

%: reflection
@: lethally poisoned (-4 -> -5), beast-form
A: beast (slay +3), large, unfitting armour, claws 3, regeneration 1, shaggy fur
1, tough skin 1
a: Begin Untransformation, Renounce Religion, Stomp, Line Pass


You were on level 8 of the Dungeon.
You worshipped Uskayaw.
Uskayaw was noncommittal.
You were a hulking beast.
You visited 1 branch of the dungeon, and saw 8 of its levels.

You collected 321 gold pieces.

Inventory:

Armour
 a - a +1 animal skin (worn)
 x - a +2 kite shield (worn)
Jewellery
 f - an amulet of reflection (around neck)
 n - a ring of fire
 r - a ring of magical power
 w - an amulet of regeneration
Talismans
 c - a beast talisman (active)
 d - a flux talisman
Wands
 g - a wand of paralysis (8)
 q - a wand of flame (64)
 v - a wand of roots (8)
Scrolls
 h - a scroll of silence
 k - 2 scrolls of fear
 p - a scroll of vulnerability {unknown}
 s - 2 scrolls of identify
 u - a scroll of enchant weapon
 y - a scroll of teleportation {unknown}
Potions
 b - 5 potions of lignification
 e - a potion of cancellation
 i - 4 potions of curing
 j - a potion of might
 l - a potion of enlightenment
 m - a potion of mutation {unknown}
 o - a potion of magic {unknown}
 t - a potion of attraction {unknown}


   Skills:
 + Level 5.0 Fighting
 + Level 5.3 Dodging
 + Level 0.8 Shields
 + Level 6.7 Unarmed Combat
 + Level 2.3 Invocations
 + Level 6.3 Shapeshifting


You had 8 spell levels left.
You didn't know any spells.
Your spell library contained the following spells:

 Spells                   Type           Power      Damage    Failure   Level
 Apportation              Tloc           0%         N/A       71%         1
 Necrotise                Necr           0%         1d4       71%         1
 Sandblast                Erth           0%         2d4       71%         1
 Summon Small Mammal      Summ           0%         N/A       71%         1
 Passwall                 Tmut/Erth      0%         N/A       85%         2
 Dazzling Flash           Conj/Hex       0%         N/A       97%         3
 Stone Arrow              Conj/Erth      0%         3d7       97%         3
 Volatile Blastmotes      Fire/Tloc      0%         2d10      97%         3
 Brom's Barrelling Bould  Conj/Erth      0%         2d3       100%        4
 Starburst                Conj/Fire      0%         6d3       100%        6
 Maxwell's Capacitive Co  Air            0%         ∞         100%        8


Dungeon Overview and Level Annotations

Branches:
Dungeon (8/15)             Temple (0/1) D:6
   Lair: D:8-11

Altars:
Kikubaaqudgha
Nemelex Xobeh
Okawaru
Trog
Uskayaw
Xom

Shops:
D:5 *

Annotations:
D:8 Erica


Innate Abilities, Weirdness & Mutations

You are a hulking beast.
Your limbs bulge with bestial killing power. (Slay +3)
You are too large for most types of armour.
You have claws for hands.
Your natural rate of healing is unusually fast.
You are covered in fur. (AC +1)
You have tough skin. (AC +1)


Message History

Erica burns you.
You are too injured to fight recklessly!
You are too injured to fight recklessly!
You are too injured to fight recklessly!
You are too injured to fight recklessly!
You are too injured to fight recklessly!
You are too injured to fight recklessly!
You are too injured to fight recklessly!
You are too injured to fight recklessly!
You are too injured to fight recklessly!
You are too injured to fight recklessly!
You are too injured to fight recklessly!
You are too injured to fight recklessly!
You are too injured to fight recklessly!
You are too injured to fight recklessly!
You closely miss Erica.
Erica is moderately wounded.
You feel sick. Erica closely misses you.
You closely miss Erica.
Erica is moderately wounded.
You feel sick.
Erica hits you with a +2 scimitar of flaming!
Erica burns you.
You claw Erica!
Erica is heavily wounded.
You feel sick.
Erica hits you with a +2 scimitar of flaming!
* * * LOW HITPOINT WARNING * * *
Erica burns you.
* * * LOW HITPOINT WARNING * * *
You can now pass through a line of other dancers.
You barely miss Erica.
Erica is heavily wounded.
You feel sick. You block Erica's attack.
You claw Erica!
Erica is severely wounded.
You feel sick.
Erica hits you with a +2 scimitar of flaming!
You die...
Erica begins laughing uncontrollably.

....... #........
#.........
####..........
...#........<#
#######...........#
.................#
#..@h...#....(#..
#..####......#.#..
#..
####.....#...... .
.................
.......##........
...##.####........
.. ...#...........
. ................
......)##........


You could see Erica.

Vanquished Creatures
  A wyvern (D:8)
  A steam dragon (D:7)
  2 black bears
  2 orc warriors
  2 ice beasts
  A sky beast (D:7)
  2 ogres
  2 centaurs
  A bullfrog (D:7)
  4 scorpions
  3 wights (D:7)
  A howler monkey (D:4)
  3 hounds
  2 jellies
  2 orc priests
  3 iguanas
  A sleepcap (D:5)
  Natasha (thrice) (D:3)
  6 orc wizards
  4 gnolls (D:6)
  7 adders
  An ufetubus (D:4)
  A worm (D:5)
  2 dart slugs
  38 orcs
  7 ball pythons
  4 bats
  5 endoplasms
  2 giant cockroaches
  6 goblins
  7 hobgoblins
  7 jackals
  4 quokkas
  2 frilled lizards (D:1)
  4 kobolds
  7 rats
150 creatures vanquished.

Notes
Turn   | Place    | Note
-------+----------+-------------------------------------------
     0 | D:1      | Nedwor the Troll Shapeshifter began the quest for the Orb.
     0 | D:1      | Reached XP level 1. HP: 18/18 MP: 0/0
    59 | D:1      | Reached skill level 1 in Fighting
    63 | D:1      | Reached XP level 2. HP: 27/27 MP: 1/1
   697 | D:1      | Upgraded the game from 0.31-a0-816-gd61d57ddb1 to
                  | 0.31-a0-832-g3a2c1c66ba
   850 | D:2      | Reached XP level 3. HP: 3/33 MP: 2/2
   861 | D:2      | Upgraded the game from 0.31-a0-832-g3a2c1c66ba to
                  | 0.31-a0-835-g2a3a5bc3be
   990 | D:2      | Reached XP level 4. HP: 39/41 MP: 3/3
  1316 | D:3      | Found a faded altar of an unknown god.
  1742 | D:3      | Noticed Natasha
  1744 | D:3      | Killed Natasha
  1745 | D:3      | Reached XP level 5. HP: 41/49 MP: 4/4
  2010 | D:3      | Found a bloodstained altar of Trog.
  2055 | D:3      | Noticed Natasha
  2063 | D:3      | Killed Natasha
  2139 | D:3      | Noticed Natasha
  2144 | D:3      | Killed Natasha
  2285 | D:4      | You fall into a shaft and drop 1 floor!
  2285 | D:5      | Entered Level 5 of the Dungeon
  2303 | D:4      | Reached XP level 6. HP: 45/59 MP: 5/5
  2921 | D:5      | Reached XP level 7. HP: 66/67 MP: 6/6
  2981 | D:5      | Reached skill level 5 in Unarmed Combat
  3210 | D:5      | Found an iron altar of Okawaru.
  3220 | D:5      | Found a sparkling altar of Nemelex Xobeh.
  3222 | D:5      | Found an ancient bone altar of Kikubaaqudgha.
  3360 | D:5      | Reached skill level 5 in Shapeshifting
  3388 | D:5      | Found Naginyav's General Store.
  3657 | D:6      | Found a hide-covered altar of Uskayaw.
  3666 | D:6      | Reached XP level 8. HP: 42/78 MP: 7/7
  3674 | D:6      | HP: 2/78 [gnoll/+0 club (7)]
  3721 | D:6      | Became a worshipper of Uskayaw the Reveller
  4012 | D:6      | Reached * piety under Uskayaw
  4057 | D:6      | Reached ** piety under Uskayaw
  4300 | D:6      | Found a staircase to the Ecumenical Temple.
  4414 | D:6      | Reached *** piety under Uskayaw
  4729 | D:7      | Reached skill level 1 in Invocations
  4812 | D:7      | Reached skill level 5 in Dodging
  5027 | D:7      | Reached XP level 9. HP: 86/87 MP: 9/9
  5041 | D:7      | Found a shimmering altar of Xom.
  5428 | D:8      | Reached skill level 5 in Fighting
  5512 | D:8      | Noticed Erica
  5520 | D:8      | Slain by Erica

Illustrated notes

Levels and vault maps discovered:
D:1:      dpeg_arrival_pits, layout_loops_corners,
          hangedman_abyss_or_decor_lesser_grid
D:2:      layout_rooms
D:3:      layout_basic, lemuel_doored_altar, nicolae_ecumenical_snake_handling,
          uniq_natasha
D:4:      layout_cave_pools
D:5:      layout_basic, minitemple, serial_shops, nicolae_shop_rolling_square
D:6:      layout_basic, eat_drink_and_be_merry_uskayaw, minmay_temple_entry_grid
D:7:      layout_gridville, amcnicky_altar_gilded
D:8:      layout_rooms, minmay_misc_feat_encased, uniq_erica

Skill      XL: |  1  2  3  4  5  6  7  8  9 |
---------------+----------------------------+-----
Fighting       | 1 2 3 4 5 |  5.0
Dodging        | 2 3 4 5 |  5.3
Unarmed Combat | 4 5 6 |  6.7
Shapeshifting  | 4 5 6 |  6.3
Invocations    | 1 2 |  2.3
Shields        | |  0.8

Action                     |  1- 3 |  4- 6 |  7- 9 || total
---------------------------+-------+-------+-------++-------
  Melee: Unarmed           |    60 |   142 |   207 ||   409
         Punch             |     1 |     3 |     3 ||     7
    Use: Scroll            |       |    12 |       ||    12
         Potion            |       |     1 |     2 ||     3
   Stab: Invisible         |       |       |     1 ||     1
         Paralysed         |       |       |     1 ||     1
 Armour: Animal skin       |    43 |   111 |   156 ||   310
  Dodge: Dodged            |    21 |    97 |    63 ||   181
  Block: Other             |       |     1 |    40 ||    41
         Reflection        |       |       |     3 ||     3
         Kite shield       |       |       |    17 ||    17
         Form:             |       |     1 |       ||     1
         Beast             |       |     1 |       ||     1

Table legend: (Time is in decaauts)
 A = Elapsed time spent in this place.
 B = Non-inter-level travel time spent in this place.
 C = Inter-level travel time spent in this place.
 D = Time resting spent in this place.
 E = Time spent auto-exploring this place.
 F = Levels seen in this place.
 G = Mean time per level.
                   A        B        C        D        E       F      G
               +--------+--------+--------+--------+--------+-----+--------+
         Total |   5486 |   5242 |    244 |    320 |   4021 |   8 |  685.8 |
       Dungeon |   5486 |   5242 |    244 |    320 |   4021 |   8 |  685.8 |
               +--------+--------+--------+--------+--------+-----+--------+

Top non-repeatable levels by time:
     D:3: 951 daAuts
     D:7: 913 daAuts
     D:6: 843 daAuts
     D:1: 798 daAuts
     D:5: 775 daAuts
     D:4: 684 daAuts
     D:2: 421 daAuts
     D:8: 98 daAuts
